 Dungeon Crawl Stone Soup version 0.31.0-10-gcf4a605ca0 (webtiles) character file.

Game seed: 16168866097926248203

133 Gadfly the Ruffian (level 4, -3/36 HPs)
             Began as a Draconian Shapeshifter on Jan 26, 2024.
             Slain by a gnoll
             ... wielding a +0 whip
              (6 damage)
             ... on level 3 of the Dungeon.
             The game lasted 00:02:15 (2026 turns).

Gadfly the Ruffian (Draconian Shapeshifter)         Turns: 2026, Time: 00:02:16

Health: -3/36      AC:  5    Str: 16    XL:     4   Next: 94%
Magic:  4/4        EV: 12    Int: 10    God:
Gold:   1233       SH:  0    Dex: 13    Spells: 3/3 levels left

rFire   . .          .
                       - Unarmed
rCold   . . .        (no shield)
rNeg    . . .        (body armour unavailable)
rPois   .            (helmet currently unavailable)
rElec   .            (cloak currently unavailable)
rCorr   .            (gloves currently unavailable)
SInv    +            (boots currently unavailable)
Will    .....        (no amulet)
Stlth   +            l - ring of see invisible
HPRegen 0.26/turn    (no ring)
MPRegen 0.09/turn

%: no passive effects
@: beast-form
A: beast (slay +2), AC +5, unfitting armour, cold-blooded
a: Begin Untransformation


You were on level 3 of the Dungeon.
You were a hulking beast.
You visited 1 branch of the dungeon, and saw 3 of its levels.

You collected 1233 gold pieces.

Inventory:

Jewellery
 l - a ring of see invisible (left hand)
Talismans
 b - a beast talisman (active)
 c - a flux talisman
Scrolls
 d - a scroll of brand weapon
 e - a scroll of poison
 f - a scroll of fear {unknown}
Potions
 a - 2 potions of lignification
 g - 2 potions of heal wounds {unknown}
 h - a potion of cancellation {unknown}
 i - a potion of mutation


   Skills:
 + Level 2.0 Fighting
 * Level 2.7 Dodging
 * Level 3.7 Unarmed Combat
 * Level 2.0 Evocations
 * Level 3.5 Shapeshifting


You had 3 spell levels left.
You didn't know any spells.
Your spell library was empty.

Dungeon Overview and Level Annotations

Branches:
Dungeon (3/15)

Altars:


Innate Abilities, Weirdness & Mutations

You are a hulking beast.
Your limbs bulge with bestial killing power. (Slay +2)
Your plain brown scales are hard. (AC +5)
You cannot fit into any form of body armour.
You are cold-blooded and may be slowed by cold attacks.


Message History

You hit the gnoll.
Your tail-slap misses the gnoll.
The gnoll is severely wounded.
The gnoll closely misses you. The gnoll hits you with a +0 whip.
You hit the gnoll.
Your tail-slap misses the gnoll.
The gnoll is almost dead.
The gnoll misses you. The gnoll hits you with a +0 flail.
The gnoll hits you with a +0 whip!
You hit the gnoll.
You kill the gnoll!
The gnoll hits you with a +0 whip. The gnoll hits you with a +0 flail.
You are too injured to fight recklessly!
You are too injured to fight recklessly!
You are too injured to fight recklessly!
You are too injured to fight recklessly!
You are too injured to fight recklessly!
You are too injured to fight recklessly!
You are too injured to fight recklessly!
You are too injured to fight recklessly!
You are too injured to fight recklessly!
You are too injured to fight recklessly!
You are too injured to fight recklessly!
Unknown command.
The gnoll attacks as it pursues you! The gnoll misses you.
The gnoll attacks as it pursues you! The gnoll hits you with a +0 flail.
The gnoll attacks as it pursues you! The gnoll closely misses you.
The gnoll hits you but does no damage. The gnoll attacks as it pursues you!
The gnoll closely misses you.
You are too injured to fight recklessly!
You completely miss the gnoll.
The gnoll is heavily wounded.
The gnoll hits you with a +0 flail!
* * * LOW HITPOINT WARNING * * *
You hit the gnoll. You tail-slap the gnoll.
You kill the gnoll!
Your Fighting skill increases to level 2!
Your Evocations skill increases to level 2!
The gnoll attacks as it pursues you! The gnoll hits you with a +0 whip.
* * * LOW HITPOINT WARNING * * *
The gnoll attacks as it pursues you! The gnoll hits you with a +0 whip.
You die...

.........### ........... .
..........# ##.. ..........
###... .......# #...###
...##.)..###......
.....$........####
...####...)###...##.^
#..##..g.gh.#.#
######.....##...<..# ..
##......#..#...###..# #.# ..
........#..#...##...# #.# .#
........#..#...##.#.########.##..
........#..#..###.#<.............
.............####.)..#...###.#...
.......#..#.####..#)####.......##
.......)....###...#.# ###....###


You could see 2 gnolls.

Vanquished Creatures
  Jessica (D:2)
  2 gnolls (D:3)
  2 adders
  2 dart slugs
  9 orcs (D:3)
  7 bats
  6 endoplasms
  A giant cockroach (D:2)
  5 goblins
  5 hobgoblins
  2 jackals (D:2)
  5 kobolds
  2 frilled lizards (D:1)
  4 rats
53 creatures vanquished.

Notes
Turn   | Place    | Note
-------+----------+-------------------------------------------
     0 | D:1      | Gadfly the Draconian Shapeshifter began the quest for the
                  | Orb.
     0 | D:1      | Reached XP level 1. HP: 16/16 MP: 1/1
   135 | D:1      | Reached XP level 2. HP: 22/23 MP: 2/2
   473 | D:1      | Reached skill level 1 in Evocations
   853 | D:2      | Noticed Jessica
   859 | D:2      | Killed Jessica
   860 | D:2      | Reached XP level 3. HP: 28/28 MP: 3/3
  1247 | D:2      | Reached XP level 4. HP: 36/36 MP: 4/4
  1634 | D:2      | Identified a scroll of acquirement
  1634 | D:2      | Acquired 1121 gold pieces
  2026 | D:3      | Slain by a gnoll

Illustrated notes

Levels and vault maps discovered:
D:1:      dpeg_arrival_rooms_b, layout_loops_ring
D:2:      layout_basic, uniq_jessica
D:3:      layout_rooms, st_stairs_1, kennysheep_crisscross

Skill      XL: |  1  2  3  4 |
---------------+-------------+-----
Dodging        | 2 |  2.7
Evocations     | 1 2 |  2.0
Fighting       | 2 |  2.0
Unarmed Combat | |  3.7
Shapeshifting  | |  3.5

Action                     |  1- 3 |  4- 6 || total
---------------------------+-------+-------++-------
  Melee: Unarmed           |    78 |    76 ||   154
         Tailslap          |     6 |     9 ||    15
         Punch             |     1 |       ||     1
    Use: Scroll            |     5 |     4 ||     9
   Stab: Sleeping          |     1 |       ||     1
 Armour: Skin              |    38 |    46 ||    84
  Dodge: Dodged            |    49 |    53 ||   102
   Form: Beast             |     1 |       ||     1
